 Dungeon Crawl Stone Soup version 0.19.0-19-g8c6edcc (webtiles) character file.

333 Melicamp the Ruffian (level 6, -3/54 HPs)
             Began as a Troll Transmuter on Nov 12, 2016.
             Slain by a gnoll
             ... wielding a +0 spear
              (9 damage)
             ... on level 4 of the Dungeon.
             The game lasted 00:22:22 (2542 turns).

Melicamp the Ruffian (Troll Transmuter)             Turns: 2542, Time: 00:22:23

Health: -3/54      AC:  3    Str: 19    XL:     6   Next: 27%
Magic:  6/6        EV: 10    Int: 11    God:
Gold:   228        SH:  0    Dex: 10    Spells: 1 memorised, 6 levels left

rFire  . . .     SeeInvis .       - Unarmed
rCold  . . .     Gourm    +     (armour restricted)
rNeg   . . .     Faith    .     (no shield)
rPois  +         Spirit   .     (helmet restricted)
rElec  .         Reflect  .     (no cloak)
rCorr  .         Harm     .     (gloves unavailable)
MR     .....                    (boots unavailable)
Stlth  ++........               (no amulet)
                                g - ring of stealth
                                e - ring of poison resistance

@: no status effects
A: unfitting armour, claws 3, fast metabolism 3, gourmand, regeneration 1,
shaggy fur 1, tough skin 2
a: no special abilities


You were on level 4 of the Dungeon.
You were very full.

You visited 1 branch of the dungeon, and saw 4 of its levels.

You collected 228 gold pieces.

Inventory:

Jewellery
 e - a ring of poison resistance (left claw)
 g - a ring of stealth (right claw)
Wands
 b - a wand of iceblast (0/15)
 j - a wand of polymorph (6/24)
Scrolls
 h - a scroll of fear
 o - a scroll of amnesia
 q - a scroll of identify
 r - 4 scrolls of remove curse
Potions
 i - a potion of cure mutation
 l - a potion of flight {unknown}
 m - 2 potions of agility {unknown}
 n - a potion of brilliance {unknown}
 p - a potion of experience {unknown}
Books
 c - a book of Changes

   Spells                             Type                      Level
   a - Beastly Appendage              Transmutation                1
   b - Sticks to Snakes               Transmutation                2
   c - Spider Form                    Transmutation/Poison         3
   d - Ice Form                       Ice/Transmutation            4
   e - Blade Hands                    Transmutation                5
Comestibles
 a - 6 chunks of flesh
 d - 7 bread rations
 f - 2 meat rations
 k - a slice of pizza


   Skills:
 - Level 0.7 Fighting
 - Level 1.5 Dodging
 * Level 7.1 Unarmed Combat
 - Level 1.2 Spellcasting
 + Level 1.5 Transmutations


You had 6 spell levels left.
You knew the following spells:

 Your Spells              Type           Power        Failure   Level  Hunger
a - Beastly Appendage     Tmut           #.....       21%         1    ##.....


Dungeon Overview and Level Annotations

Branches:
Dungeon (4/15)
 Temple: D:4-7

Altars:
Sif Muna
Beogh


Innate Abilities, Weirdness & Mutations

You are too large for most types of armour.
You have claws for hands.
Your metabolism is lightning-fast.
You like to eat raw meat.
Your natural rate of healing is unusually fast.
You are covered in fur. (AC +1)
You have very tough skin. (AC +2)


Message History

Aim: a gnoll, wielding a spear (severely wounded) Nothing appears to happen.
The gnoll barely misses you. x2
Zapping:
j - a wand of polymorph {zapped: 9} (will waste charges)
Press: ? - help, Shift-Dir - straight line, f - gnoll, p - gnoll
Aim: a gnoll (almost dead, chance to defeat MR: 54%)
The gnoll resists with significant effort.
Evoking this partially-identified wand wasted a few charges.
The gnoll completely misses you. The gnoll hits you.
* * * LOW HITPOINT WARNING * * *
You barely miss the gnoll.
The gnoll is almost dead.
The gnoll misses you. The gnoll closely misses you.
You closely miss the gnoll.
The gnoll is almost dead.
The gnoll hits you from afar with a spear.
* * * LOW HITPOINT WARNING * * *
You claw the gnoll!
You kill the gnoll!
The gnoll hits you from afar with a spear!
You die...

# ####..
.....##
##..##..#
#.......#
###........
#@†........
#..g.......
##.<.......
#..........
#..........
#.##........
#. #........
.. #........
#. ##.......


You could see a gnoll.

Vanquished Creatures
  A howler monkey (D:3)
  2 orc priests (D:3)
  2 orc wizards (D:3)
  Ijyb (D:2)
  7 adders
  2 gnolls (D:4)
  2 worms (D:3)
  3 dart slugs
  8 orcs (D:3)
  3 giant cockroaches
  7 goblins
  2 hobgoblins
  4 jackals (D:2)
  7 kobolds
  A quokka (D:2)
  A ball python (D:3)
  7 bats
  3 frilled lizards
  5 rats
68 creatures vanquished.

Notes
Turn   | Place    | Note
-------+----------+-------------------------------------------
     0 | D:1      | Melicamp the Troll Transmuter began the quest for the Orb.
     0 | D:1      | Reached XP level 1. HP: 18/18 MP: 1/1
   218 | D:1      | Reached XP level 2. HP: 24/26 MP: 2/2
   710 | D:1      | Reached skill level 4 in Unarmed Combat
   838 | D:2      | Reached XP level 3. HP: 31/32 MP: 3/3
   986 | D:2      | Reached XP level 4. HP: 33/40 MP: 4/4
  1060 | D:2      | Reached skill level 5 in Unarmed Combat
  1072 | D:2      | Noticed Ijyb
  1170 | D:2      | Killed Ijyb
  1711 | D:3      | Reached XP level 5. HP: 42/46 MP: 5/5
  1766 | D:3      | Reached skill level 6 in Unarmed Combat
  2255 | D:3      | Found a deep blue altar of Sif Muna.
  2356 | D:3      | Reached XP level 6. HP: 54/54 MP: 4/6
  2380 | D:3      | Found a roughly hewn altar of Beogh.
  2382 | D:3      | Reached skill level 7 in Unarmed Combat
  2542 | D:4      | Slain by a gnoll

Skill      XL: |  1  2  3  4  5  6 |
---------------+-------------------+-----
Unarmed Combat | 4 5 6 7 |  7.1
Fighting       | |  0.7
Dodging        | |  1.5
Spellcasting   | |  1.2
Transmutations | |  1.5

Action                   |  1- 3 |  4- 6 || total
-------------------------+-------+-------++-------
Melee: Unarmed           |    87 |   101 ||   188
       Punch             |     1 |     4 ||     5
       Headbutt          |       |     2 ||     2
       Kick              |       |     1 ||     1
 Cast: Beastly Appendage |       |     5 ||     5
Evoke: Wand              |       |     4 ||     4
  Use: Scroll            |     3 |     5 ||     8
 Stab: Distracted        |       |     1 ||     1
       Sleeping          |       |     2 ||     2
  Eat: Chunk             |    14 |    14 ||    28
Armor: Skin              |    27 |    16 ||    43
Dodge: Dodged            |    65 |    38 ||   103
